 Dungeon Sprint DCSS version 0.25.1-2-g60ff931df9 (webtiles) character file.

Game seed: 10208993719308633172

6206 Groucho the Imperceptible (level 10, 0/57 HPs)
             Began as a Felid Berserker on Oct 5, 2020.
             Was the Champion of Trog.
             Engulfed by a cloud of steam (9 damage)
             ... in the Dungeon (Sprint I: "Red Sonja") on Oct 9, 2020.
             The game lasted 00:13:54 (2802 turns).

Groucho the Imperceptible (Felid Berserker)         Turns: 2802, Time: 00:13:54

Health: 0/57       AC:  3    Str: 13    XL:     10   Next: 61%
Magic:  10/10      EV: 35    Int: 10    God:    Trog [******]
Gold:   2171       SH:  0    Dex: 19    Spells: 9/9 levels left
                                        Lives:  0   Deaths: 2

rFire    . . .     SeeInvis +     - Unarmed
rCold    + . .     Gourm    .   (shield unavailable)
rNeg     + + .     Faith    .   (armour unavailable)
rPois    +         Spirit   .   (helmet unavailable)
rElec    .         Reflect  .   (cloak unavailable)
rCorr    .         Harm     .   (gloves unavailable)
MR       +....     NoTele   +   (boots unavailable)
Stlth    +++++++++.             (no amulet)
HPRegen  0.19/turn              a - ring of poison resistance
MPRegen  0.12/turn              s - ring "Jouv" {+Fly rN++}

@: quick
A: very small, no armour, no weapons or thrown items, stealth, claws 1, fangs 3,
see invisible, carnivore, speed 1, low mp 1, shaggy fur 3, slow metabolism 1,
sharp paws
a: Berserk, Trog's Hand, Brothers in Arms, Renounce Religion, Evoke Flight


You were in the Dungeon.
You worshipped Trog.
Trog was exalted by your worship.
You were not hungry.

You visited 1 branch You collected 2991 gold pieces.
You spent 820 gold pieces at shops.

Inventory:

Jewellery
 a - a ring of poison resistance (left paw)
 s - the ring "Jouv" (right paw) {+Fly rN++}
   (You bought it in a shop in the Dungeon)

   [ring of flight]

   It greatly protects you from negative energy.
   It lets you fly.
 t - an uncursed ring of fire
Wands
 h - a wand of random effects (19)
 k - a wand of paralysis (11)
 l - a wand of flame (16)
 p - a wand of polymorph (9)
 r - a wand of iceblast (11)
Scrolls
 g - a scroll of immolation {unknown}
 i - a scroll of amnesia {unknown}
 m - 2 scrolls of identify {unknown}
 n - a scroll of remove curse {unknown}
 o - a scroll of fear {unknown}
Potions
 b - 6 potions of curing
 c - 2 potions of heal wounds
 d - 2 potions of haste
 e - 3 potions of magic
 f - a potion of berserk rage
 j - a potion of resistance
 q - a potion of might {unknown}
Comestibles
 u - a ration


   Skills:
 + Level 15.0 Fighting
 + Level 18.8 Dodging
 + Level 25.3 Stealth
 + Level 15.1 Unarmed Combat


You had 9 spell levels left.
You didn't know any spells.
Your spell library was empty.

Dungeon Overview and Level Annotations

Branches:
Dungeon (1/1)

Altars:
Cheibriados
Dithmenos
Elyvilon
Fedhas
Gozag
Hepliaklqana
Kikubaaqudgha
Makhleb
Nemelex Xobeh
Okawaru
Qazlal
Ru
Sif Muna
Trog
Uskayaw
Vehumet
Wu Jian
Xom
Yredelemnul
Zin
The Shining One
Jiyva
Lugonu

Shops:
D %**(}[:=?[*(*[?**=?[%:

Annotations:
D Lernaean hydra


Innate Abilities, Weirdness & Mutations

You cannot wear armour.
You are incapable of wielding weapons or throwing items.
Your paws allow you to move quietly. (Stealth)
You have sharp claws.
You have razor-sharp teeth.
You have supernaturally acute eyesight. (SInv)
You are carnivorous and can eat meat at any time.
You cover ground quickly.
Your thick and shaggy fur keeps you warm. (AC +3, rC+)
You have a slow metabolism.
Your sharp claws are effective at attacking unaware monsters.
Your magical capacity is low. (-10% MP)


Message History

There is an open door here.
You are engulfed in a cloud of scalding steam.
Really walk into that cloud of steam? [Y]es or [N]o only, please.
Really walk into that cloud of steam? [Y]es or [N]o only, please.
Really walk into that cloud of steam? [Y]es or [N]o only, please.
Really walk into that cloud of steam? [Y]es or [N]o only, please.
Really walk into that cloud of steam? [Y]es or [N]o only, please.
Really walk into that cloud of steam?
Okay, then.
You are engulfed in a cloud of scalding steam.
* * * LOW HITPOINT WARNING * * *
You are engulfed in a cloud of scalding steam.
* * * LOW HITPOINT WARNING * * *
You are engulfed in a cloud of scalding steam.
You die...

##################
.§.§§.'..#^^+.§..#
..§.§##..'^^#§§§.##
#§..#######+#§§§§§#####
###§# !?## #§§§§§#...#
#y#.##$$$# ##§§@§#)∩(#
###..###$# ###§##...#
..##.#A#$# #§####'#
..#..###$# ##'#.^§§##
+##.##..$# ##§§§§§§§§##
#..#+### #.§§§§§.§..#
##...# ##.§^§§^§§§.##
###.# #..§§§§§§§...#
#.# #..#....§§[§.§..#


There were no monsters in sight!

Vanquished Creatures
  A golden dragon (D)
  A shadow dragon (D)
  2 fire giants (D)
  A lorocyproca (D)
  A hydra (D)
  2 centaur warriors (D)
  Sonja (D)
  7 unseen horrors (D)
  A deep troll (D)
  A lindwurm (D)
  An oklob plant (D)
  A gargoyle (D)
  A demonic crawler (D)
  2 kobold demonologists (D)
  A slime creature (D)
  A hornet (D)
  Sigmund (D)
  2 redbacks (D)
  A yak (D)
  13 hogs (D)
  3 floating eyes (D)
  An ogre (D)
  7 necrophages (D)
  8 jellies (D)
  Ijyb (D)
62 creatures vanquished.

Vanquished Creatures (collateral kills)
  8 shining eyes (D)
  3 demonic crawlers (D)
  4 floating eyes (D)
15 creatures vanquished.

Vanquished Creatures (others)
  2 ballistomycete spores (D)
2 creatures vanquished.

Grand Total: 79 creatures vanquished

Notes
Turn   | Place    | Note
-------+----------+-------------------------------------------
     0 | D        | Groucho the Felid Berserker began the quest for the Orb.
     0 | D        | Reached XP level 1. HP: 10/10 MP: 2/2
     4 | D        | Noticed Ijyb
    16 | D        | Killed Ijyb
    16 | D        | Reached skill level 8 in Stealth
    16 | D        | Reached XP level 2. HP: 10/14 MP: 3/3
   348 | D        | Noticed an ogre
   350 | D        | Killed an ogre
   350 | D        | Reached skill level 12 in Stealth
   350 | D        | Reached XP level 3. HP: 17/17 MP: 4/4
   350 | D        | Reached XP level 4. HP: 21/21 MP: 5/5
   353 | D        | Noticed Sigmund
   361 | D        | Killed Sigmund
   361 | D        | Reached ** piety under Trog
   361 | D        | Reached skill level 16 in Stealth
   361 | D        | Reached XP level 5. HP: 24/24 MP: 6/6
   405 | D        | Found an ornate altar of the Wu Jian Council.
   405 | D        | Found a shimmering blue altar of Sif Muna.
   407 | D        | Found a radiant altar of Vehumet.
   411 | D        | Gained mutation: You are covered in thick fur. (AC +2)
                  | [Felid growth]
   411 | D        | Reached XP level 6. HP: 28/28 MP: 7/7
   447 | D        | Found Pulily's Weapon Emporium.
   447 | D        | Found an ancient bone altar of Kikubaaqudgha.
   447 | D        | Found a hazy altar of Hepliaklqana.
   447 | D        | Found a stormy altar of Qazlal.
   447 | D        | Found a hide-covered altar of Uskayaw.
   447 | D        | Found a blossoming altar of Fedhas.
   447 | D        | Found a bloodstained altar of Trog.
   447 | D        | Found an iron altar of Okawaru.
   447 | D        | Found a basalt altar of Yredelemnul.
   447 | D        | Found a glowing golden altar of the Shining One.
   447 | D        | Found a snail-covered altar of Cheibriados.
   447 | D        | Found a sacrificial altar of Ru.
   447 | D        | Found a glowing silver altar of Zin.
   447 | D        | Found a shadowy altar of Dithmenos.
   447 | D        | Found a white marble altar of Elyvilon.
   447 | D        | Noticed a yak
   448 | D        | Found an opulent altar of Gozag.
   449 | D        | Killed a yak
   449 | D        | Reached skill level 18 in Stealth
   450 | D        | Found a sparkling altar of Nemelex Xobeh.
   472 | D        | Found a burning altar of Makhleb.
   472 | D        | Found a shimmering altar of Xom.
   472 | D        | Noticed a slime creature
   473 | D        | Found a viscous altar of Jiyva.
   473 | D        | Found a corrupted altar of Lugonu.
   476 | D        | Killed a slime creature
   476 | D        | Reached *** piety under Trog
   476 | D        | Reached skill level 5 in Dodging
   476 | D        | Reached XP level 7. HP: 33/33 MP: 8/8
   498 | D        | Noticed a centaur warrior
   548 | D        | Noticed a centaur warrior
   549 | D        | Killed a centaur warrior
   549 | D        | Reached skill level 19 in Stealth
   549 | D        | Reached XP level 8. HP: 39/39 MP: 9/9
   550 | D        | Killed a centaur warrior
   550 | D        | Reached skill level 10 in Dodging
   550 | D        | Reached skill level 20 in Stealth
   561 | D        | Noticed a hornet
   564 | D        | Killed a hornet
   564 | D        | Reached XP level 9. HP: 44/44 MP: 10/10
   575 | D        | Noticed an oklob plant
   589 | D        | Killed an oklob plant
   589 | D        | Reached **** piety under Trog
   672 | D        | Paralysed by a floating eye for 3 turns
   684 | D        | Noticed an unseen horror
   685 | D        | Noticed an unseen horror
   691 | D        | Killed an unseen horror
   691 | D        | Reached skill level 21 in Stealth
   693 | D        | Killed an unseen horror
   693 | D        | Reached ***** piety under Trog
   693 | D        | Reached skill level 10 in Fighting
   693 | D        | Reached skill level 10 in Unarmed Combat
   693 | D        | Reached XP level 10. HP: 44/51 MP: 11/11
   747 | D        | Reached ****** piety under Trog
   818 | D        | Found Mutaf's Jewellery Shoppe.
   818 | D        | Found Puosk's Book Shop.
   818 | D        | Found Nydyrew's Magic Scroll Boutique.
   820 | D        | Found Zege's Antique Armour Emporium.
   820 | D        | Found Epomify's Assorted Antiques.
   820 | D        | Found Moisotrish's Antique Weapon Shoppe.
   820 | D        | Found Miwo Wuam's General Store.
   820 | D        | Found Luhiv's Antique Armour Emporium.
   820 | D        | Found Huyq's Magic Scroll Shop.
   820 | D        | Found Desejalu's General Store.
   824 | D        | Found Tuela Kaxe's Assorted Antiques.
   825 | D        | Found Cimymica's Magic Scroll Emporium.
   825 | D        | Found Davag's Jewellery Boutique.
   826 | D        | Found Asatotiq's Food Emporium.
   893 | D        | Noticed a deep troll
   895 | D        | Killed a deep troll
   907 | D        | Found Ustuf's Armour Emporium.
   919 | D        | Noticed Sonja
   922 | D        | Killed Sonja
   922 | D        | Reached skill level 22 in Stealth
   939 | D        | Found Okuceni's Food Boutique.
   955 | D        | Noticed a shining eye
   955 | D        | Noticed a shining eye
   955 | D        | Noticed a shining eye
   955 | D        | Noticed a shining eye
   955 | D        | Noticed a shining eye
   955 | D        | Noticed a shining eye
   956 | D        | Killed a shining eye
   957 | D        | Killed a shining eye
   959 | D        | Killed a shining eye
   959 | D        | Paralysed by a floating eye for 3 turns
   959 | D        | Killed a shining eye
   960 | D        | Noticed a shining eye
   961 | D        | Killed a shining eye
   963 | D        | Killed a shining eye
   964 | D        | Noticed a shining eye
   967 | D        | Killed a shining eye
   970 | D        | Gained mutation: Your magical capacity is low. (-10% MP) [a
                  | shining eye]
   970 | D        | Killed a shining eye
   970 | D        | Reached XP level 11. HP: 57/57 MP: 10/10
   977 | D        | Found Tuqy's General Store.
   977 | D        | Found Pavoh's Gadget Shop.
   977 | D        | Found Ratwa's Assorted Antiques.
   977 | D        | Found Izueschulu's Armour Boutique.
  1087 | D        | Reached skill level 15 in Dodging
  1113 | D        | Reached skill level 23 in Stealth
  1312 | D        | Bought an uncursed ring of poison resistance for 220 gold
                  | pieces
  1374 | D        | Noticed a lindwurm
  1376 | D        | Killed a lindwurm
  1477 | D        | Noticed a 12-headed hydra
  1479 | D        | Killed a 12-headed hydra
  1518 | D        | Noticed a lorocyproca
  1533 | D        | Killed a lorocyproca
  1997 | D        | Bought the ring "Jouv" {+Fly rN++} for 350 gold pieces
  1997 | D        | Bought an uncursed ring of fire for 250 gold pieces
  2116 | D        | Noticed a shadow dragon
  2116 | D        | Noticed a golden dragon
  2120 | D        | Killed a shadow dragon
  2120 | D        | Reached skill level 24 in Stealth
  2122 | D        | Killed a golden dragon
  2122 | D        | Gained mutation: Your thick and shaggy fur keeps you warm.
                  | (AC +3, rC+) [Felid growth]
  2122 | D        | Reached XP level 12. HP: 64/64 MP: 11/11
  2182 | D        | Found Qenoduy's Book Shoppe.
  2685 | D        | Noticed a daeva
  2698 | D        | Reached skill level 25 in Stealth
  2702 | D        | Noticed a fire giant
  2705 | D        | Noticed a fire giant
  2706 | D        | Noticed a fire giant
  2707 | D        | Noticed a fire giant
  2709 | D        | Killed a fire giant
  2729 | D        | Killed a fire giant
  2729 | D        | Reached skill level 15 in Fighting
  2729 | D        | Reached skill level 15 in Unarmed Combat
  2734 | D        | Mangled by a fire giant
  2735 | D        | Reached XP level 11. HP: -7/91 MP: 10/10
  2766 | D        | Noticed the 27-headed Lernaean hydra
  2771 | D        | HP: 4/91 [the 27-headed Lernaean hydra (5)]
  2771 | D        | Slain by the 27-headed Lernaean hydra
  2772 | D        | Reached XP level 10. HP: 0/85 MP: 9/10
  2802 | D        | Engulfed by a cloud of steam

Illustrated notes

Levels and vault maps discovered:
D:        dungeon_sprint_1 [red_sonja_temple_1, red_sonja_temple_small_1]

Skill      XL: |  1  2  3  4  5  6  7  8  9 10 11 12 |
---------------+-------------------------------------+-----
Stealth        | 8 12 16 18 19 20 21 22 24 25 | 25.3
Fighting       | 4 6 8 10 11 14 15 | 15.0
Dodging        | 5 8 10 12 14 17 18 | 18.8
Unarmed Combat | 4 6 8 10 11 14 15 | 15.1

Action                   |  1- 3 |  4- 6 |  7- 9 | 10-12 || total
-------------------------+-------+-------+-------+-------++-------
Melee: Unarmed           |     7 |    10 |    26 |   136 ||   179
       Bite              |     1 |     1 |     3 |    12 ||    17
       Punch             |       |       |     2 |     7 ||     9
Invok: Berserk           |     1 |     1 |     1 |     3 ||     6
       Trog's Hand       |       |       |     1 |     3 ||     4
       Brothers in Arms  |       |       |       |     8 ||     8
 Abil: Evoke Flight      |       |       |       |     1 ||     1
  Use: Scroll            |       |       |     1 |       ||     1
       Potion            |       |       |       |     1 ||     1
 Stab: Sleeping          |     1 |     3 |     6 |    24 ||    34
  Eat: Chunk             |       |     2 |       |    11 ||    13
       Ration            |       |       |       |     2 ||     2
Armor: Skin              |       |       |       |     3 ||     3
Dodge: Dodged            |     3 |     4 |     6 |   119 ||   132
